 Dungeon Crawl Stone Soup version 0.31-a0-441-g867994ef1c (webtiles) character file.

Game seed: 15975814727378547542

1354 floatRand the Basher (level 8, 0/46 HPs)
             Began as a Gargoyle Fighter on Aug 3, 2023.
             Was an Initiate of Qazlal.
             Slain by a wight
             ... wielding a +4 great sword
              (9 damage)
             ... on level 7 of the Dungeon.
             The game lasted 00:06:18 (4636 turns).

floatRand the Basher (Gargoyle Fighter)             Turns: 4636, Time: 00:06:19

Health: 0/46       AC: 18    Str: 23    XL:     8   Next: 63%
Magic:  13/13      EV: 13    Int:  8    God:    Qazlal [......]
Gold:   73         SH:  4    Dex:  9    Spells: 7/7 levels left

rFire   . . .        a - +0 flail
rCold   . . .        c - +0 buckler
rNeg    + . .        t - +3 chain mail of the Hurricane {Will+}
rPois   ∞            (no helmet)
rElec   +            (no cloak)
rCorr   .            f - +0 pair of gloves
SInv    .            (no boots)
Will    +....        (no amulet) Stlth
                     k - +5 ring of evasion
HPRegen 0.27/turn    (no ring)
MPRegen 0.13/turn

%: no passive effects
@: hasted, very quick
A: sickness immunity, AC +5, negative energy resistance 1, electricity
resistance, torment resistance 1, petrification resistance
a: Renounce Religion


You were on level 7 of the Dungeon.
You worshipped Qazlal.
Qazlal was noncommittal.
You visited 2 branches of the dungeon, and saw 7 of its levels.

You collected 199 gold pieces.
You spent 126 gold pieces at shops.

Inventory:

Hand Weapons
 a - a +0 flail (weapon)
Armour
 c - a +0 buckler (worn)
 f - a +0 pair of gloves (worn)
 t - the +3 chain mail of the Hurricane (worn) {Will+}
   (You found it on level 5 of the Dungeon)

   Will:      It increases your willpower.
Jewellery
 b - a ring of protection from fire
 k - a +5 ring of evasion (left hand)
Scrolls
 e - 2 scrolls of teleportation
 g - 2 scrolls of poison {unknown}
 i - a scroll of brand weapon {unknown}
 l - a scroll of amnesia {unknown}
 p - a scroll of blinking {unknown}
 r - a scroll of fear {unknown}
 s - a scroll of fog {unknown}
Potions
 d - 3 potions of might
 h - 2 potions of heal wounds {unknown}
 j - a potion of curing
 n - 2 potions of lignification
 o - a potion of brilliance {unknown}
 q - a potion of berserk rage


   Skills:
 - Level 3.2 Fighting
 + Level 8.3 Maces & Flails
 - Level 3.2 Armour
 - Level 3.2 Shields
 + Level 6.7 Invocations


You had 7 spell levels left.
You didn't know any spells.
Your spell library contained the following spells:

 Spells                   Type           Power      Damage    Failure   Level
 Kiss of Death            Conj/Necr      0%         2d5       97%         1
 Slow                     Hex            0%         N/A       97%         1
 Wereblood                Tmut           0%         N/A       99%         2
 Confusing Touch          Hex            0%         N/A       100%        3
 Vampiric Draining        Necr           0%         2d6       100%        3
 Dispel Undead            Necr           0%         3d6       100%        4
 Irradiate                Conj/Tmut      0%         3d11      100%        5


Dungeon Overview and Level Annotations

Branches:
Dungeon (7/15)             Temple (1/1) D:7

Altars:
Ashenzari
Cheibriados
Dithmenos
Elyvilon
Fedhas
Gozag
Hepliaklqana
Kikubaaqudgha
Makhleb
Nemelex Xobeh
Okawaru
Qazlal
Ru
Sif Muna
Trog
Uskayaw
Vehumet
Wu Jian
Xom
Yredelemnul
Zin
The Shining One

Shops:
D:2 =   D:4 *!*[!

Annotations:
D:3 2 transporters, Turukano's ghost, weakling FeSh


Innate Abilities, Weirdness & Mutations

You are immune to sickness and miasma.
Your stone body is resilient. (AC +5)
You are immune to poison.
You resist negative energy. (rN+)
You are resistant to electric shocks. (rElec)
You are resistant to unholy torment.
You are immune to petrification.


Message History

The centaur shoots an arrow.
The arrow closely misses you.
The centaur shoots an arrow.
The arrow misses you.
A wight comes into view. It is wielding a +4 great sword.
The centaur unwields a +0 orcbow.
The centaur misses you. The centaur kicks you.
You thump the centaur!
The centaur is heavily wounded.
The centaur hits you but does no damage.
The centaur closely misses you.
The centaur hits you but does no damage.
The centaur barely misses you. The centaur misses you.
The centaur barely misses you.
The wight hits you with a +4 great sword.
The centaur closely misses you. The centaur completely misses you.
Unknown command.
You hit the centaur but do no damage.
The centaur is heavily wounded.
The wight hits you with a +4 great sword!
The centaur hits you but does no damage.
The centaur kicks you.
You are too injured to fight recklessly!
Unknown command.
You are too injured to fight recklessly!
You are too injured to fight recklessly!
The centaur hits you but does no damage.
The centaur kicks you but does no damage.
The centaur attacks as you move away! The centaur closely misses you.
The centaur barely misses you. The wight attacks as you move away!
The wight barely misses you. The centaur attacks as you move away!
The centaur hits you but does no damage.
The centaur kicks you but does no damage.
The wight attacks as you move away!
The wight hits you with a +4 great sword!
* * * LOW HITPOINT WARNING * * *
The centaur wields a +0 orcbow.
The centaur shoots an arrow.
The arrow hits you but does no damage.
You feel yourself speed up.
The wight hits you with a +4 great sword!
You die...

#.......# #.......##
.##........####
....#...##....#
.....#.#..#...#
..#..#....#...#
...##....#...####
......>.......#.##
...#....##......@#
..#....#..#..##z#######
..#..#.#.....#c.##....#
...##...#.............#
..........#.####..>...#
.........##.####.>##....
..#....####.#.##..# ...
.##....# #......## .
......### ........


You could see a centaur and a wight.

Vanquished Creatures
  Prince Ribbit (D:5)
  A sky beast (D:7)
  A bullfrog (D:7)
  5 necrophages (D:4)
  3 scorpions
  2 wights (Temple)
  An orc priest (D:5)
  5 iguanas
  An orc wizard (D:5)
  A scorpion zombie (D:4)
  A howler monkey zombie (D:4)
  4 adders
  4 gnolls
  An ufetubus (D:3)
  A worm (D:5)
  2 dart slugs
  14 orcs
  11 ball pythons
  6 bats
  5 endoplasms
  2 giant cockroaches
  5 goblins
  6 hobgoblins
  7 jackals (D:1)
  4 quokkas
  3 frilled lizards
  7 kobolds
  5 rats
109 creatures vanquished.

Notes
Turn   | Place    | Note
-------+----------+-------------------------------------------
     0 | D:1      | floatRand the Gargoyle Fighter began the quest for the Orb.
     0 | D:1      | Reached XP level 1. HP: 14/14 MP: 1/1
   125 | D:1      | Reached XP level 2. HP: 19/19 MP: 2/2
   194 | D:1      | Reached skill level 3 in Maces & Flails
   365 | D:1      | Reached XP level 3. HP: 23/23 MP: 3/3
   974 | D:2      | Found Totz's Jewellery Emporium.
  1184 | D:2      | Reached skill level 4 in Maces & Flails
  1572 | D:3      | Identified the +1 leather armour of Jizash {rElec rC+
                  | Int+3}
  1576 | D:3      | Reached XP level 4. HP: 28/28 MP: 4/4
  1746 | D:3      | Found a bloodstained altar of Trog.
  2024 | D:3      | Found a transporter.
  2024 | D:3      | Noticed Turukano's ghost (weakling FeSh)
  2026 | D:3      | Found a transporter.
  2302 | D:4      | Found Xiuveera's Armour Emporium.
  2302 | D:4      | Found an iron altar of Okawaru.
  2334 | D:4      | Reached skill level 5 in Maces & Flails
  2334 | D:4      | Reached XP level 5. HP: 32/32 MP: 5/5
  2372 | D:4      | Found Jephemni's Distillery.
  2396 | D:4      | Found a broken altar of Ashenzari.
  2494 | D:4      | Found Lafusepp's Assorted Antiques.
  2610 | D:4      | Bought a scroll labelled GEFIWU UGEA for 26 gold pieces
  2740 | D:4      | Reached skill level 1 in Invocations
  2740 | D:4      | Reached XP level 6. HP: 25/37 MP: 5/7
  2917 | D:4      | Found Qequsih's Distillery.
  2927 | D:4      | Bought a potion of berserk rage for 50 gold pieces
  2958 | D:4      | Reached skill level 6 in Maces & Flails
  3049 | D:4      | Found Lamo's Assorted Antiques.
  3054 | D:4      | Bought a scroll labelled BUN AMIARPH for 25 gold pieces
  3054 | D:4      | Bought a scroll labelled BACSUIS FULAU for 25 gold pieces
  3230 | D:4      | Found a blossoming altar of Fedhas.
  3369 | D:4      | Reached XP level 7. HP: 37/41 MP: 9/9
  3392 | D:4      | Reached skill level 7 in Maces & Flails
  3463 | D:5      | Entered Level 5 of the Dungeon
  3479 | D:5      | Identified the +3 chain mail of the Hurricane {Will+}
  3551 | D:5      | Noticed Prince Ribbit
  3568 | D:5      | Killed Prince Ribbit
  3569 | D:5      | Reached skill level 5 in Invocations
  3569 | D:5      | Reached XP level 8. HP: 17/46 MP: 10/12
  3953 | D:5      | Found a snail-covered altar of Cheibriados.
  4229 | D:5      | Found a radiant altar of Vehumet.
  4230 | D:5      | Found a shimmering blue altar of Sif Muna.
  4354 | D:5      | Found a sparkling altar of Nemelex Xobeh.
  4362 | D:5      | Found a hide-covered altar of Uskayaw.
  4366 | D:5      | Found a white marble altar of Elyvilon.
  4449 | D:5      | You fall into a shaft and drop 2 floors!
  4499 | D:7      | Reached skill level 8 in Maces & Flails
  4554 | D:7      | Found a staircase to the Ecumenical Temple.
  4563 | Temple   | Entered the Ecumenical Temple
  4577 | Temple   | Became a worshipper of Qazlal Stormbringer
  4636 | D:7      | Slain by a wight

Illustrated notes

Levels and vault maps discovered:
D:1:      kennysheep_arrival_seaside, layout_basic,
          hangedman_decor_clover_reticule
D:2:      layout_loops_cross, serial_shops, nicolae_shop_tiny_waterfront
D:3:      layout_loops_cross, mainiacjoe_overflow_brackets,
          gammafunk_ghost_mausoleum
D:4:      layout_loops_ring, fedhas_altar_decomposition, okawaru_gym_becter,
          mainiacjoe_overflow_boulevard, serial_shops,
          nicolae_shop_hallway_stairs, shop_statue, nicolae_inconvenience_store,
          nicolae_shop_gibbet_a_chance, shop
D:5:      layout_basic, minmay_overflow_temple_star_hex,
          cheibrodos_worm_habitat, fountainhead, uniq_prince_ribbit1
D:7:      layout_cave_pools, minmay_temple_entry_mini_moons, serial_shops,
          nicolae_shop_back_alley_shop, minmay_misc_feat_doors, grunt_potential,
          uniq_crazy_yiuf_cottage
Temple:   nicolae_temple_no_exploring_needed

Skill      XL: |  1  2  3  4  5  6  7  8 |
---------------+-------------------------+-----
Maces & Flails | 3 4 5 6 7 8 |  8.3
Invocations    | 1 3 5 6 |  6.7
Fighting       | |  3.2
Armour         | |  3.2
Shields        | |  3.2

Action                     |  1- 3 |  4- 6 |  7- 9 || total
---------------------------+-------+-------+-------++-------
  Melee: Flail             |   131 |   166 |   153 ||   450
    Use: Scroll            |       |     5 |     1 ||     6
         Potion            |       |       |     1 ||     1
 Armour: Scale mail        |    81 |    58 |    12 ||   151
         Chain mail        |       |       |    60 ||    60
  Dodge: Dodged            |    81 |   109 |    76 ||   266
  Block: Buckler           |    32 |    25 |    20 ||    77

Table legend: (Time is in decaauts)
 A = Elapsed time spent in this place.
 B = Non-inter-level travel time spent in this place.
 C = Inter-level travel time spent in this place.
 D = Time resting spent in this place.
 E = Time spent auto-exploring this place.
 F = Levels seen in this place.
 G = Mean time per level.
                   A        B        C        D        E       F      G
               +--------+--------+--------+--------+--------+-----+--------+
         Total |   4720 |   4581 |    139 |    486 |   2645 |   7 |  674.3 |
       Dungeon |   4685 |   4546 |    139 |    486 |   2645 |   6 |  780.8 |
        Temple |     34 |     34 |      0 |      0 |      0 |   1 |   34.0 |
               +--------+--------+--------+--------+--------+-----+--------+

Top non-repeatable levels by time:
     D:4: 1182 daAuts
     D:5: 1001 daAuts
     D:1: 989 daAuts
     D:3: 740 daAuts
     D:2: 616 daAuts
     D:7: 155 daAuts
  Temple: 34 daAuts
